 Dungeon Sprint DCSS version 0.27-a0-684-g359e429f13 (webtiles) character file.

Game seed: 16155497488269874750

85 Gaff the Cudgeller (level 4, -2/45 HPs)
             Began as a Minotaur Wanderer on Mar 20, 2021.
             Splashed by an oklob sapling priest's acid (11 damage)
             ... in the Dungeon (Sprint IV: "Fedhas' Mad Dash").
             The game lasted 00:01:38 (710 turns).

Gaff the Cudgeller (Minotaur Wanderer)               Turns: 710, Time: 00:01:39

Health: -2/45      AC:  5    Str: 19    XL:     4   Next: 25%
Magic:  3/3        EV:  9    Int:  9    God:
Gold:   66         SH:  0    Dex:  8    Spells: 3/3 levels left

rFire    . . .     SeeInvis .   a - +0 mace
rCold    . . .     Faith    .   (no shield)
rNeg     . . .     Spirit   .   b - +2 scale mail
rPois    .         Reflect  .   (helmet restricted)
rElec    .         Harm     .   (no cloak)
rCorr    .         Rampage  .   (no gloves)
Will     .....     NoTele   +   (no boots)
Stlth    ..........             l - amulet of invisibility {+Inv}
HPRegen  0.15/turn              (no ring)
MPRegen  0.08/turn              (no ring)

@: corroded
A: horns 2, retaliatory headbutt
a: Evoke Invisibility


You were in the Dungeon.
You visited 1 branch You collected 66 gold pieces.

Inventory:

Hand Weapons
 a - a +0 mace (weapon)
 d - a +0 dagger
Missiles
 c - 8 poisoned darts (quivered)
Armour
 b - a +2 scale mail (worn)
Jewellery
 l - the amulet of invisibility (around neck) {+Inv}
   (You found it in the Dungeon)

   [amulet of nothing]

   It lets you turn invisible.
Scrolls
 j - a scroll of blinking
 k - a scroll of enchant armour {unknown}
Potions
 e - a potion of curing
 f - a potion of heal wounds
 g - a potion of haste
 h - 2 potions of magic
 i - a potion of berserk rage


   Skills:
 + Level 6.7 Fighting
 + Level 6.7 Maces & Flails
 - Level 1.1 Crossbows
 - Level 2.0 Throwing
 + Level 5.7 Armour
 + Level 1.3 Evocations


You had 3 spell levels left.
You didn't know any spells.
Your spell library was empty.

Dungeon Overview and Level Annotations

Branches:
Dungeon (1/1)

Altars:
Cheibriados
Dithmenos
Elyvilon
Gozag
Hepliaklqana
Kikubaaqudgha
Makhleb
Nemelex Xobeh
Okawaru
Qazlal
Ru
Sif Muna
Trog
Uskayaw
Vehumet
Wu Jian
Xom
Yredelemnul
Zin
The Shining One
Beogh
Jiyva
Lugonu

Annotations:
D exclusion: oklob sapling


Innate Abilities, Weirdness & Mutations

You have a pair of horns on your head.
You reflexively headbutt those who attack you in melee.


Message History

The splash of acid hits you.
You are splashed with acid!
You hit the oklob sapling.
The oklob sapling is heavily damaged.
You sock the oklob sapling!
You destroy the oklob sapling!
Your Evocations skill increases to level 1!
You have reached level 4!
You feel stronger.
You start resting.
HP restored.
You now have 57 gold pieces (gained 1).
You now have 66 gold pieces (gained 9).
Okay, then.
There is an open door here.
You open the door.
Found ten altars.
An oklob sapling priest comes into view.
Marking area around an oklob sapling as unsafe for travelling.
Found three altars.
There is an open door here.
The oklob sapling priest begins to cast a cantrip, but forgets the words!
Found three altars.
Found two altars.
Found three altars.
There is an opulent altar of Gozag here.
Found a corrupted altar of Lugonu and a radiant altar of Vehumet.
The oklob sapling priest spits acid at you.
The splash of acid misses you.
There is a hazy altar of Hepliaklqana here.
The oklob sapling priest spits acid at you.
The splash of acid hits you! The acid corrodes you!
You are splashed with acid!
You thump the oklob sapling priest!
The oklob sapling priest is moderately damaged.
You hit the oklob sapling priest but do no damage.
The oklob sapling priest is moderately damaged.
The oklob sapling priest spits acid at you.
The splash of acid hits you!
* * * LOW HITPOINT WARNING * * *
You are splashed with acid!
You die...

########################
....#.....#.⌠._._._._.⌠.
....'.#...'.._._@_._._..
....#.#...#..._._P_._...
########'##.._._._._._..
+...#._._._._._.⌠.
#...############## #####


You could see an oklob sapling priest.

Vanquished Creatures
  2 oklob saplings (D)
  A worker ant (D)
  A river rat (D)
  A rat (D)
5 creatures vanquished.

Vanquished Creatures (others)
  A fungus (D)
1 creature vanquished.

Grand Total: 6 creatures vanquished

Notes
Turn   | Place    | Note
-------+----------+-------------------------------------------
     0 | D        | Gaff the Minotaur Wanderer began the quest for the Orb.
     0 | D        | Gaff set off with the following items: a +0 mace, a +2
                  | scale mail, 8 poisoned darts, a +0 dagger, a potion of
                  | curing, a potion of heal wounds, a potion of haste, 2
                  | potions of magic, a potion of berserk rage, a scroll of
                  | blinking
     0 | D        | Reached XP level 1. HP: 19/19 MP: 0/0
    14 | D        | Reached XP level 2. HP: 5/28 MP: 1/1
   269 | D        | Noticed an oklob sapling
   277 | D        | Killed an oklob sapling
   278 | D        | Reached skill level 5 in Fighting
   278 | D        | Reached skill level 5 in Maces & Flails
   278 | D        | Reached XP level 3. HP: 37/37 MP: 2/2
   280 | D        | Found the amulet of invisibility {+Inv}
   287 | D        | Reached skill level 5 in Armour
   551 | D        | Noticed an oklob sapling
   555 | D        | Killed an oklob sapling
   556 | D        | Reached skill level 1 in Evocations
   556 | D        | Reached XP level 4. HP: 24/45 MP: 3/3
   701 | D        | Found an opulent altar of Gozag.
   701 | D        | Found a hazy altar of Hepliaklqana.
   701 | D        | Found a burning altar of Makhleb.
   701 | D        | Found a sparkling altar of Nemelex Xobeh.
   701 | D        | Found a snail-covered altar of Cheibriados.
   701 | D        | Found a sacrificial altar of Ru.
   701 | D        | Found a shimmering blue altar of Sif Muna.
   701 | D        | Found a shimmering altar of Xom.
   701 | D        | Found a basalt altar of Yredelemnul.
   702 | D        | Found a viscous altar of Jiyva.
   702 | D        | Found a bloodstained altar of Trog.
   702 | D        | Found an ornate altar of the Wu Jian Council.
   703 | D        | Found an iron altar of Okawaru.
   703 | D        | Found a shadowy altar of Dithmenos.
   703 | D        | Found a glowing silver altar of Zin.
   704 | D        | Found an ancient bone altar of Kikubaaqudgha.
   704 | D        | Found a hide-covered altar of Uskayaw.
   705 | D        | Found a stormy altar of Qazlal.
   705 | D        | Found a white marble altar of Elyvilon.
   705 | D        | Found a glowing golden altar of the Shining One.
   706 | D        | Found a corrupted altar of Lugonu.
   706 | D        | Found a radiant altar of Vehumet.
   710 | D        | Splashed by an oklob sapling priest's acid

Illustrated notes

Levels and vault maps discovered:
D:        dungeon_sprint_fedhas [sprint_temple]

Skill      XL: |  1  2  3 |
---------------+----------+-----
Fighting       | 4 5 6 |  6.7
Maces & Flails | 4 5 6 |  6.7
Armour         | 3 4 5 |  5.7
Evocations     | 1 |  1.3
Crossbows      | |  1.1
Throwing       | |  2.0

Action                   |  1- 3 |  4- 6 || total
-------------------------+-------+-------++-------
Melee: Mace              |    24 |     2 ||    26
       Headbutt          |     5 |       ||     5
Armor: Scale mail        |     4 |       ||     4
Dodge: Dodged            |     8 |     1 ||     9

Table legend: (Time is in decaauts)
 A = Elapsed time spent in this place.
 B = Non-inter-level travel time spent in this place.
 C = Inter-level travel time spent in this place.
 D = Time resting spent in this place.
 E = Time spent auto-exploring this place.
 F = Levels seen in this place.
 G = Mean time per level.
                   A        B        C        D        E       F      G
               +--------+--------+--------+--------+--------+-----+--------+
         Total |    714 |    714 |      0 |    625 |      0 |   1 |  714.0 |
       Dungeon |    714 |    714 |      0 |    625 |      0 |   1 |  714.0 |
               +--------+--------+--------+--------+--------+-----+--------+

Top non-repeatable levels by time:
       D: 714 daAuts
